 Dungeon Crawl Stone Soup version 0.28.0-47-ge53b351184 (webtiles) character file.

Game seed: 15362683935856210551

3425 101zpm the Magician (level 10, -2/73 HPs)
             Began as a Gnoll Air Elementalist on Apr 25, 2022.
             Was a Believer of Vehumet.
             Hit by a large rock thrown by a cyclops (40 damage)
             ... on level 9 of the Dungeon.
             The game lasted 00:30:03 (11228 turns).

101zpm the Magician (Gnoll Air Elementalist)       Turns: 11228, Time: 00:30:04

Health: -2/73      AC:  5    Str: 14      XL:     10   Next: 5%
Magic:  2/20       EV: 17    Int: 17 (19) God:    Vehumet [**....]
Gold:   516        SH:  0    Dex: 22      Spells: 7/23 levels left

rFire   . . .      SeeInvis .   b - +7 spear of Fedhas's Outrage {holy, Dex+4}
rCold   . . .      Faith    .   (no shield)
rNeg    . . .      Spirit   .   t - +2 robe {Will+}
rPois   +          Reflect  .   (no helmet)
rElec   .          Harm     .   (no cloak)
rCorr   .          Rampage  .   (no gloves)
Will    +....                   i - +0 pair of boots
Stlth   ++++......              J - amulet of magic regeneration
HPRegen 0.22/turn               y - ring of the Prince of Darkness {Fly rPois Dex+6}
MPRegen 0.57/turn               o - +6 ring of strength

@: flying, very slightly contaminated
A: fangs 1, strong nose, distributed training
a: Renounce Religion


You were on level 9 of the Dungeon.
You worshipped Vehumet.
Vehumet was pleased with you.
You visited 2 branches of the dungeon, and saw 10 of its levels.
You also visited: Sewer and Bailey.

You collected 516 gold pieces.

Inventory:

Hand Weapons
 b - the +7 spear of Fedhas's Outrage (weapon) {holy, Dex+4}
   (You found it on level 2 of the Dungeon)

   It has been blessed by the Shining One to cause great damage to the undead
   and demons.
   Dex:       It affects your dexterity (+4).
Missiles
 I - a throwing net
Armour
 i - a +0 pair of boots (worn)
 t - a +2 robe of willpower (worn)
 E - an orb of energy
Magical Staves
 u - a staff of fire
Jewellery
 n - a +4 ring of evasion
 o - a +6 ring of strength (right hand)
 w - a ring of poison resistance
 y - the ring of the Prince of Darkness (left hand) {Fly rPois Dex+6}
   (You took it off an orc on level 5 of the Dungeon)

   [ring of dexterity]

   Dex:       It affects your dexterity (+6).
   rPois:     It protects you from poison.
   Fly:       It grants you flight.
 J - an amulet of magic regeneration (around neck)
Wands
 a - a wand of iceblast (5)
 j - a wand of acid (7)
Scrolls
 c - 4 scrolls of enchant weapon
 e - 2 scrolls of teleportation
 g - a scroll of identify
 k - 4 scrolls of fear
 l - a scroll of fog {unknown}
 m - a scroll of magic mapping
 p - a scroll of enchant armour {unknown}
 A - a scroll of holy word
 B - a scroll of acquirement {unknown}
 D - a scroll of blinking {unknown}
Potions
 d - 5 potions of might {unknown}
 f - 4 potions of mutation {unknown}
 h - 6 potions of degeneration {unknown}
 q - 8 potions of haste {unknown}
 r - a potion of magic {unknown}
 s - 2 potions of curing {unknown}
 v - 5 potions of heal wounds {unknown}
 x - 2 potions of brilliance {unknown}
 z - 2 potions of invisibility {unknown}
 C - a potion of berserk rage {unknown}
 F - 4 potions of cancellation {unknown}
 G - 3 potions of resistance {unknown}
 H - a potion of experience {unknown}


   Skills:
 + Level 4.9 Fighting
 + Level 4.9 Short Blades
 + Level 4.9 Long Blades
 + Level 4.9 Axes
 + Level 4.9 Maces & Flails
 + Level 4.9 Polearms
 + Level 4.9 Staves
 + Level 4.9 Slings
 + Level 4.9 Bows
 + Level 4.9 Crossbows
 + Level 4.9 Throwing
 + Level 4.9 Armour
 + Level 6.7 Dodging
 + Level 6.5 Stealth
 + Level 4.9 Shields
 + Level 4.9 Unarmed Combat
 + Level 7.1 Spellcasting
 + Level 4.6 Conjurations
 + Level 4.0 Hexes
 + Level 4.0 Summonings
 + Level 4.0 Necromancy
 + Level 4.0 Translocations
 + Level 4.0 Transmutations
 + Level 4.0 Fire Magic
 + Level 4.0 Ice Magic
 + Level 6.9 Air Magic
 + Level 4.0 Earth Magic
 + Level 4.0 Poison Magic
 + Level 5.3 Invocations
 + Level 4.9 Evocations


You had 7 spell levels left.
You knew the following spells:

 Your Spells              Type           Power      Damage    Failure   Level
a - Shock                 Conj/Air       100%       1d9       1%          1
b - Poisonous Vapours     Pois/Air       48%        N/A       1%          2
c - Static Discharge      Conj/Air       25%        N/A       1%          2
d - Airstrike             Air            14%        N/A       7%          4
e - Sandblast             Erth           38%        2d10      2%          1
f - Teleport Other        Tloc           19%        N/A       7%          3
g - Inner Flame           Hex/Fire       19%        N/A       7%          3

Your spell library contained the following spells:

 Spells                   Type           Power      Damage    Failure   Level
 Corpse Rot               Necr/Air       48%        N/A       1%          2
 Swiftness                Air            29%        N/A       1%          3
 Animate Skeleton         Necr           38%        N/A       2%          1
 Pain                     Necr           76%        1d7       2%          1
 Mephitic Cloud           Conj/Pois/Air  23%        N/A       4%          3
 Confusing Touch          Hex            19%        N/A       7%          3
 Gell's Gravitas          Tloc           19%        N/A       7%          3
 Lesser Beckoning         Tloc           19%        N/A       7%          3
 Spider Form              Tmut/Pois      19%        N/A       7%          3
 Vampiric Draining        Necr           19%        2d7       7%          3
 Yara's Violent Unravell  Hex/Tmut       9%         3d6       52%         5
 Conjure Ball Lightning   Conj/Air       12%        3x3d6     86%         6
 Enfeeble                 Hex            9%         N/A       100%        7
 Storm Form               Tmut/Air       12%        N/A       100%        7
 Discord                  Hex            9%         N/A       100%        8
 Disjunction              Tloc           9%         N/A       100%        8


Dungeon Overview and Level Annotations

Branches:
Dungeon (9/15)             Temple (1/1) D:4           Sewer (visited)
 Bailey (visited)
   Lair: D:8-11         Orc: D:9-12

Altars:
Ashenzari
Cheibriados
Dithmenos
Elyvilon
Fedhas
Gozag
Hepliaklqana
Kikubaaqudgha
Makhleb
Nemelex Xobeh
Okawaru
Qazlal
Ru
Sif Muna
Trog
Uskayaw
Vehumet
Wu Jian
Xom
Yredelemnul
Zin
The Shining One

Shops:
D:2 (   D:5 *


Innate Abilities, Weirdness & Mutations

You have very sharp teeth.
Your uncanny sense of smell can sniff out nearby items.
Your experience applies equally to all skills.


Message History

The cyclops is moderately wounded.
Casting: Airstrike (dangerous; 7% risk of failure)
Confirm with . or Enter, or press ? or * to list all spells.
Aiming: Airstrike (dangerous; 7% risk of failure)
Press: ? - help, Dir - move target, f/p - cyclops
Aim: a cyclops, quivering large rocks (moderately wounded, empty space bonus: 5/8)
You miscast Airstrike.
You are very lightly contaminated with residual magic.
Nothing appears to happen.
The cyclops throws a large rock.
The large rock barely misses you.
Casting: Airstrike (dangerous; 7% risk of failure)
Confirm with . or Enter, or press ? or * to list all spells.
Aiming: Airstrike (dangerous; 7% risk of failure)
Press: ? - help, Dir - move target, f/p - cyclops
Aim: a cyclops, quivering large rocks (moderately wounded, empty space bonus: 5/8)
The air twists around and strikes the cyclops!
The cyclops is moderately wounded.
Casting: Airstrike (dangerous; 7% risk of failure)
Confirm with . or Enter, or press ? or * to list all spells.
Aiming: Airstrike (dangerous; 7% risk of failure)
Press: ? - help, Dir - move target, f/p - cyclops
Aim: a cyclops, quivering large rocks (moderately wounded, empty space bonus: 5/8)
The air twists around and strikes the cyclops!
The cyclops is severely wounded.
The cyclops throws a large rock.
The large rock hits you!!
Casting: Airstrike (dangerous; 7% risk of failure)
Confirm with . or Enter, or press ? or * to list all spells.
Aiming: Airstrike (dangerous; 7% risk of failure)
Press: ? - help, Dir - move target, f/p - cyclops
Aim: a cyclops, quivering large rocks (severely wounded, empty space bonus: 5/8)
The air twists around and strikes the cyclops!
The cyclops is almost dead.
Casting: Airstrike (dangerous; 7% risk of failure)
Confirm with . or Enter, or press ? or * to list all spells.
You don't have enough magic to cast this spell.
The zap hits the cyclops.
The cyclops is almost dead.
The cyclops throws a large rock.
The large rock hits you!!!
Ouch! That really hurt!
You die...

.. .. ∆ .# ##.#
# ##..# + #.
##...#.#
###.##......#
#..C....@..<###
.#....)........
#.#.<.....###.
##.....># ∆
##...#.#
##.##.# ... .
###. ## ..


You could see a cyclops.

Vanquished Creatures
  Pikel (D:4)
  Grinder (D:5)
  A polar bear (D:8)
  A steam dragon (D:7)
  A water moccasin (D:6)
  A black bear (D:6)
  2 orc warriors
  2 hornet zombies
  A sky beast (D:8)
  An ice beast (D:7)
  4 ogres
  A centaur (D:9)
  2 phantoms
  2 lemures (D:4)
  Blork the orc (D:6)
  A kobold brigand (D:8)
  A gnoll sergeant (D:9)
  A scorpion (D:6)
  A water moccasin skeleton (D:6)
  An electric eel (D:9)
  A centaur zombie (D:8)
  2 jellies (D:6)
  A gnoll shaman (D:4)
  An orc priest (D:5)
  A hound (D:6)
  A centaur skeleton (D:7)
  4 iguanas
  An orc wizard (D:7)
  A hell rat (Sewer)
  2 killer bee zombies
  24 gnolls
  3 adders
  3 shadow imps
  2 white imps
  4 worms
  2 dart slugs
  23 orcs
  8 ball pythons
  7 bats
  8 endoplasms
  10 giant cockroaches
  15 goblins
  9 hobgoblins
  4 quokkas
  6 frilled lizards
  21 kobolds
  19 rats
210 creatures vanquished.

Vanquished Creatures (others)
  A lemure (D:4)
  An ufetubus (D:7)
  A kobold (D:4)
  16 plants
19 creatures vanquished.

Grand Total: 229 creatures vanquished

Notes
Turn   | Place    | Note
-------+----------+-------------------------------------------
     0 | D:1      | 101zpm the Gnoll Air Elementalist began the quest for the
                  | Orb.
     0 | D:1      | Reached XP level 1. HP: 13/13 MP: 6/6
   198 | D:2      | Reached XP level 2. HP: 19/19 MP: 5/7
   602 | D:2      | Identified the +7 spear of Fedhas's Outrage {holy, Dex+4}
  1155 | D:2      | Reached XP level 3. HP: 19/25 MP: 9/9
  1252 | D:2      | Found Iqyat Luarch's Weapon Shoppe.
  1362 | D:2      | Reached skill level 5 in Spellcasting
  1637 | D:1      | Reached skill level 1 in Invocations
  1786 | D:1      | Reached skill level 1 in Fighting
  1786 | D:1      | Reached skill level 1 in Short Blades
  1786 | D:1      | Reached skill level 1 in Long Blades
  1786 | D:1      | Reached skill level 1 in Axes
  1786 | D:1      | Reached skill level 1 in Maces & Flails
  1786 | D:1      | Reached skill level 1 in Polearms
  1786 | D:1      | Reached skill level 1 in Staves
  1786 | D:1      | Reached skill level 1 in Slings
  1786 | D:1      | Reached skill level 1 in Bows
  1786 | D:1      | Reached skill level 1 in Crossbows
  1786 | D:1      | Reached skill level 1 in Throwing
  1786 | D:1      | Reached skill level 1 in Armour
  1786 | D:1      | Reached skill level 1 in Shields
  1786 | D:1      | Reached skill level 1 in Unarmed Combat
  1786 | D:1      | Reached skill level 1 in Evocations
  2004 | D:3      | Found a glowing golden altar of the Shining One.
  2099 | D:3      | Reached XP level 4. HP: 15/32 MP: 3/11
  2356 | D:3      | Reached skill level 1 in Hexes
  2356 | D:3      | Reached skill level 1 in Summonings
  2356 | D:3      | Reached skill level 1 in Necromancy
  2356 | D:3      | Reached skill level 1 in Translocations
  2356 | D:3      | Reached skill level 1 in Transmutations
  2356 | D:3      | Reached skill level 1 in Fire Magic
  2356 | D:3      | Reached skill level 1 in Ice Magic
  2356 | D:3      | Reached skill level 1 in Earth Magic
  2356 | D:3      | Reached skill level 1 in Poison Magic
  2720 | D:3      | Found a faded altar of an unknown god.
  2739 | D:3      | Got Eclon's Catalogue of Flying Transmigration
  3062 | D:4      | Noticed an ogre
  3062 | D:4      | Noticed Pikel
  3062 | D:4      | Noticed a lemure
  3062 | D:4      | Noticed a lemure
  3062 | D:4      | Noticed a lemure
  3062 | D:4      | Noticed a lemure
  3062 | D:4      | Found a shimmering altar of Xom.
  3167 | D:4      | Killed a lemure
  3378 | D:4      | Reached XP level 5. HP: 37/37 MP: 2/12
  3791 | D:4      | Found a shimmering blue altar of Sif Muna.
  3845 | D:4      | Killed a lemure
  4068 | D:4      | Found the +4 robe of Augmentation {Str+4 Int+4 Dex+4}
  4203 | D:3      | Killed an ogre
  4204 | D:3      | Reached XP level 6. HP: 44/44 MP: 10/13
  4228 | D:3      | Learned a level 2 spell: Poisonous Vapours
  4339 | D:3      | Learned a level 2 spell: Static Discharge
  4344 | D:3      | Learned a level 4 spell: Airstrike
  4419 | D:4      | Found a staircase to the Ecumenical Temple.
  4439 | D:4      | Reached skill level 5 in Dodging
  4449 | Temple   | Entered the Ecumenical Temple
  4645 | Temple   | Became a worshipper of Vehumet
  4935 | D:5      | Entered Level 5 of the Dungeon
  4939 | D:5      | Found a glowing drain.
  5040 | Sewer    | Entered a sewer
  5367 | Sewer    | Reached XP level 7. HP: 50/50 MP: 8/15
  5465 | D:5      | Noticed Grinder
  5468 | D:5      | Killed Grinder
  5584 | D:5      | Reached skill level 5 in Stealth
  5584 | D:5      | Reached * piety under Vehumet
  5584 | D:5      | Offered knowledge of Sandblast by Vehumet.
  5593 | D:5      | Identified the ring of the Prince of Darkness {Fly rPois
                  | Dex+6}
  5606 | D:4      | Learned a level 1 spell: Sandblast
  5610 | D:4      | Learned a level 3 spell: Teleport Other
  6052 | D:4      | Killed Pikel
  6053 | D:4      | Reached skill level 6 in Spellcasting
  6053 | D:4      | Reached XP level 8. HP: 19/58 MP: 10/17
  6622 | D:5      | Identified the +1 scale mail "Wyti" {rElec rPois Int-4}
  6664 | D:5      | Found a shadowy altar of Dithmenos.
  6819 | D:5      | Found Keumnara's Assorted Antiques.
  7321 | D:6      | Reached XP level 9. HP: 56/65 MP: 12/18
  7506 | D:6      | Noticed Blork the orc
  7518 | D:6      | Killed Blork the orc
  8046 | D:7      | Offered knowledge of Foxfire by Vehumet.
  8205 | D:7      | Reached ** piety under Vehumet
  9044 | D:7      | Noticed a troll
  9335 | D:8      | Found a flagged portal.
  9345 | Bailey   | Entered a bailey
 10038 | Bailey   | Reached skill level 5 in Invocations
 10089 | Bailey   | Offered knowledge of Inner Flame by Vehumet.
 10097 | Bailey   | Learned a level 3 spell: Inner Flame
 10320 | D:9      | Noticed a polar bear
 10423 | D:8      | Killed a polar bear
 10573 | D:8      | Reached skill level 7 in Spellcasting
 10738 | D:8      | Reached XP level 10. HP: 73/73 MP: 12/20
 11222 | D:9      | Noticed a cyclops
 11228 | D:9      | Hit by a large rock thrown by a cyclops

Illustrated notes

Levels and vault maps discovered:
D:1:      lemuel_arrival_funnel, layout_rooms
D:2:      layout_loops_corners, serial_shops, nicolae_shop_stone, st_stairs_1
D:3:      kennysheep_six_static_rooms, layout_basic, amcnicky_altar_gilded,
          hellmonk_ecumenical_altar_arch_garden, nicolae_grassy_gnolls
D:4:      corexii_shack_village, layout_basic, overflow_temple_1_default,
          xom_confusion_cloud, minmay_temple_entry_wispy, minmay_pentangle,
          uniq_pikel
D:5:      layout_basic, lemuel_tele_altar, serial_shops, shop,
          portal_sewer_entry_a, uniq_grinder
D:6:      layout_basic, uniq_blork_the_orc
D:7:      layout_basic, corexii_leaking_fountain, minmay_small_thing
D:8:      layout_gridville, enter_bailey_5
D:9:      layout_loops_ring, dpeg_lair_monsters, serial_ice, serial_ice_c,
          serial_ice_d, serial_ice_a, serial_ice_j, serial_ice_f, serial_ice_n,
          serial_shops, nicolae_shop_window_shopping, amcnicky_mini_pool_medium
Temple:   regret_index_temple_mists

Skill      XL: |  1  2  3  4  5  6  7  8  9 |
---------------+----------------------------+-----
Conjurations   | 2 3 4 |  4.6
Spellcasting   | 5 6 7 |  7.1
Invocations    | 1 2 3 4 5 |  5.3
Fighting       | 1 2 3 4 |  4.9
Short Blades   | 1 2 3 4 |  4.9
Long Blades    | 1 2 3 4 |  4.9
Axes           | 1 2 3 4 |  4.9
Maces & Flails | 1 2 3 4 |  4.9
Polearms       | 1 2 3 4 |  4.9
Staves         | 1 2 3 4 |  4.9
Slings         | 1 2 3 4 |  4.9
Bows           | 1 2 3 4 |  4.9
Crossbows      | 1 2 3 4 |  4.9
Throwing       | 1 2 3 4 |  4.9
Armour         | 1 2 3 4 |  4.9
Shields        | 1 2 3 4 |  4.9
Unarmed Combat | 1 2 3 4 |  4.9
Evocations     | 1 2 3 4 |  4.9
Hexes          | 1 2 3 4 |  4.0
Summonings     | 1 2 3 4 |  4.0
Necromancy     | 1 2 3 4 |  4.0
Translocations | 1 2 3 4 |  4.0
Transmutations | 1 2 3 4 |  4.0
Fire Magic     | 1 2 3 4 |  4.0
Ice Magic      | 1 2 3 4 |  4.0
Earth Magic    | 1 2 3 4 |  4.0
Poison Magic   | 1 2 3 4 |  4.0
Dodging        | 5 6 |  6.7
Stealth        | 5 6 |  6.5
Air Magic      | 6 |  6.9

Action                   |  1- 3 |  4- 6 |  7- 9 | 10-12 || total
-------------------------+-------+-------+-------+-------++-------
Melee: Spear             |    51 |    53 |   219 |     9 ||   332
       Bite              |     2 |     6 |    13 |       ||    21
       Punch             |       |     1 |     3 |       ||     4
 Cast: Shock             |    34 |   105 |    73 |     1 ||   213
       Poisonous Vapours |       |     4 |     5 |       ||     9
       Airstrike         |       |     3 |    49 |     8 ||    60
       Teleport Other    |       |       |     2 |       ||     2
  Use: Scroll            |       |       |     8 |       ||     8
 Stab: Sleeping          |     6 |     2 |    17 |     1 ||    26
       Distracted        |       |       |     1 |     1 ||     2
Armor: Robe              |     5 |     6 |    23 |     3 ||    37
Dodge: Dodged            |    19 |    43 |   133 |    11 ||   206
